 Dungeon Crawl Stone Soup version 0.27-a0-1140-g099f9bb0e8 (webtiles) character file.

Game seed: 12438396384950594646

32 CurlyBrace the Chiller (level 3, 0/15 HPs)
             Began as a Felid Ice Elementalist on May 10, 2021.
             Slain by a goblin
             ... wielding a +0 dagger
              (3 damage)
             ... on level 3 of the Dungeon.
             The game lasted 00:02:57 (306 turns).

CurlyBrace the Chiller (Felid Ice Elementalist)      Turns: 306, Time: 00:02:58

Health: 0/15       AC:  1    Str:  4    XL:     3   Next: 10%
Magic:  3/7        EV: 17    Int: 17    God:
Gold:   29         SH:  0    Dex: 16    Spells: 5/6 levels left
                                        Lives:  0   Deaths: 0

rFire    . . .     SeeInvis +     - Unarmed
rCold    . . .     Faith    .   (shield unavailable)
rNeg     . . .     Spirit   .   (armour unavailable)
rPois    .         Reflect  .   (helmet unavailable)
rElec    .         Harm     .   (cloak unavailable)
rCorr    .         Rampage  .   (gloves unavailable)
Will     .....                  (boots unavailable)
Stlth    ++........             (no amulet)
HPRegen  0.05/turn              (no ring)
MPRegen  0.10/turn              (no ring)

@: quick
A: very small, claws 1, fangs 3, see invisible, speed 1, shaggy fur 1, stealthy
paws, no weapons or thrown items, no armour, multi-lived
a: no special abilities


You were on level 3 of the Dungeon.
You visited 1 branch of the dungeon, and saw 3 of its levels.

You collected 29 gold pieces.

Inventory:

Scrolls
 d - a scroll of noise


   Skills:
 * Level 1.5 Fighting
 - Level 3.0 Dodging
 + Level 3.1 Stealth
 * Level 1.5 Unarmed Combat
 - Level 2.0 Spellcasting
 + Level 3.6 Ice Magic


You had 5 spell levels left.
You knew the following spells:

 Your Spells              Type           Power      Damage    Failure   Level
a - Freeze                Ice            52%        1d7       4%          1

Your spell library contained the following spells:

 Spells                   Type           Power      Damage    Failure   Level
 Frozen Ramparts          Ice            26%        1d4       13%         3
 Ozocubu's Armour         Ice            13%        N/A       13%         3
 Hailstorm                Conj/Ice       7%         3d4       67%         4
 Metabolic Englaciation   Hex/Ice        3%         N/A       95%         5


Dungeon Overview and Level Annotations

Branches:
Dungeon (3/15)

Altars:
Wu Jian

Annotations:
D:2 Natasha


Innate Abilities, Weirdness & Mutations

You have sharp claws.
You have razor-sharp teeth.
You have supernaturally acute eyesight. (SInv)
You cover ground quickly. (Speed+)
You are covered in fur. (AC +1)
Your paws help you pounce on unaware monsters.
You are incapable of wielding weapons or throwing items.
You cannot wear armour.
You gain extra lives every three experience levels.


Message History

Confirm with . or Enter, or press ? or * to list all spells.
Aiming: Freeze (safe; 4% risk of failure)
Press: ? - help, Shift-Dir - straight line, f - adder
Aim: an adder You freeze the adder.
The adder is lightly wounded.
The adder seems to slow down.
Unknown command.
Casting: Freeze (safe; 4% risk of failure)
Confirm with . or Enter, or press ? or * to list all spells.
Aiming: Freeze (safe; 4% risk of failure)
Press: ? - help, Shift-Dir - straight line, f/p - adder
Aim: an adder (lightly wounded, slow)
You freeze the adder.
The adder is moderately wounded.
The adder seems to slow down.
The adder misses you.
Unknown command.
Casting: Freeze (safe; 4% risk of failure)
Confirm with . or Enter, or press ? or * to list all spells.
Aiming: Freeze (safe; 4% risk of failure)
Press: ? - help, Shift-Dir - straight line, f/p - adder
Aim: an adder (moderately wounded, slow)
You freeze the adder!
You kill the adder!
You have reached level 3!
Your experience leads to an increase in your attributes!
Increase (S)trength, (I)ntelligence, or (D)exterity?
You feel clever.
Found 21 arrows.
An endoplasm comes into view.
Unknown command.
The helpless endoplasm fails to defend itself.
You claw the endoplasm!
You kill the endoplasm!
Unknown command.
A goblin comes into view. It is wielding a +0 dagger.
Found a glowing ivory ring.
The goblin shouts!
The goblin hits you with a +0 dagger.
You die...

#..........#...h
........####.###...##+##
........# #.....#
........# #.....#
.......=# #.....#
......# #####.# ....#
#.#. #.g# #####.#.
#.@#########.......
#......##.......###
#......##.......'..
#......##.......##.
#......##...##.#.#.
#......##...##.#...
#......##......#.##
###......####.#......
#..................##


You could see a goblin.

Vanquished Creatures
  2 adders (D:3)
  3 bats (D:2)
  4 endoplasms
  A hobgoblin (D:2)
  A ball python (D:3)
  2 kobolds (D:2)
  2 rats (D:2)
15 creatures vanquished.

Notes
Turn   | Place    | Note
-------+----------+-------------------------------------------
     0 | D:1      | CurlyBrace the Felid Ice Elementalist began the quest for
                  | the Orb.
     0 | D:1      | Reached XP level 1. HP: 7/7 MP: 4/4
    41 | D:2      | Noticed Natasha
   141 | D:2      | Reached XP level 2. HP: 9/12 MP: 3/6
   191 | D:3      | Reached skill level 1 in Fighting
   191 | D:3      | Reached skill level 1 in Unarmed Combat
   207 | D:3      | Found an ornate altar of the Wu Jian Council.
   287 | D:3      | Reached XP level 3. HP: 3/15 MP: 1/7
   306 | D:3      | Slain by a goblin

Illustrated notes

Levels and vault maps discovered:
D:1:      dpeg_arrival_shrine, layout_loops_ring,
          shapermc_ecumenical_altar_totnotflames, minmay_fountain_box,
          minmay_misc_feat_doors, minmay_tromino_i2
D:2:      minmay_inner_zag, layout_basic, uniq_natasha
D:3:      layout_basic, yredelemnul_forgotten_temple_becter, elyvilon_altar_3,
          old_standard_altar, nicolae_wu_jian_immortal_techniques

Skill      XL: |  1  2 |
---------------+-------+-----
Fighting       | 1 |  1.5
Dodging        | 3 |  3.0
Stealth        | 3 |  3.1
Unarmed Combat | 1 |  1.5
Spellcasting   | |  2.0
Ice Magic      | |  3.6

Action                   || total
-------------------------++-------
Melee: Unarmed           ||    10
 Cast: Freeze            ||    16
  Use: Scroll            ||     4
       Potion            ||     1
 Stab: Sleeping          ||     8
Armor: Skin              ||     1
Dodge: Dodged            ||    16

Table legend: (Time is in decaauts)
 A = Elapsed time spent in this place.
 B = Non-inter-level travel time spent in this place.
 C = Inter-level travel time spent in this place.
 D = Time resting spent in this place.
 E = Time spent auto-exploring this place.
 F = Levels seen in this place.
 G = Mean time per level.
                   A        B        C        D        E       F      G
               +--------+--------+--------+--------+--------+-----+--------+
         Total |    256 |    256 |      0 |      0 |      0 |   3 |   85.3 |
       Dungeon |    256 |    256 |      0 |      0 |      0 |   3 |   85.3 |
               +--------+--------+--------+--------+--------+-----+--------+

Top non-repeatable levels by time:
     D:2: 132 daAuts
     D:3: 104 daAuts
     D:1: 19 daAuts
